 Dungeon Crawl Stone Soup version 0.31.0-11-ge490571c62 (webtiles) character file.

Game seed: 9831117204491594564

3488 hawla the Thaumaturge (level 9, -2/45 (48) HPs)
             Began as a Deep Elf Fire Elementalist on Feb 8, 2024.
             Was an Initiate of Vehumet.
             Slain by Jeremiah
             ... wielding a +2 trident of draining
              (10 damage)
             ... on level 8 of the Dungeon on Feb 9, 2024.
             The game lasted 00:21:59 (7835 turns).

hawla the Thaumaturge (Deep Elf Fire Elementalist)  Turns: 7835, Time: 00:22:00

HP:   -2/45 (48)    AC:  9    Str:  5    XL:     9   Next: 80%
MP:   16/24         EV: 12    Int: 25    God:    Vehumet [......]
Gold: 173           SH:  0    Dex: 15    Spells: 19/26 levels left

rFire   + + .        G - +3 quarterstaff (chaos)
rCold   x . .        (shield currently unavailable)
rNeg    . . .        s - +0 troll leather armour
rPois   .            l - +0 helmet
rElec   .            w - +0 cloak
rCorr   .            (no gloves)
SInv    .            j - +2 pair of boots
Will    .....        f - amulet of regeneration
Stlth   ++           e - ring of fire
HPRegen 1.87/turn    p - ring of protection from fire
MPRegen 0.19/turn

%: no passive effects
@: very slightly contaminated, studying Polearms, drained
A: no striking features
a: Renounce Religion


You were on level 8 of the Dungeon.
You worshipped Vehumet.
Vehumet was noncommittal.
You visited 2 branches of the dungeon, and saw 9 of its levels.

You collected 485 gold pieces.
You spent 312 gold pieces at shops.

Inventory:

Hand Weapons
 m - a +2 dagger of draining
 G - a +3 quarterstaff of chaos (weapon)
Armour
 c - a +0 leather armour of fire resistance
 i - the +0 robe of Defiance {*Slow rElec Dex+2}
   (You found it on level 2 of the Dungeon)

   Dex+2:     It affects your dexterity (+2).
   rElec:     It insulates you from electricity.
   *Slow:     It may slow you when you take damage.
 j - a +2 pair of boots (worn)
 l - a +0 helmet (worn)
 s - a +0 troll leather armour (worn)
 w - a +0 cloak (worn)
 x - a +0 leather armour of cold resistance
Jewellery
 e - a ring of fire (left hand)
 f - an amulet of regeneration (around neck)
 p - a ring of protection from fire (right hand)
Talismans
 E - a maw talisman
Wands
 t - a wand of flame (49) (quivered)
 D - a wand of mindburst (18)
Scrolls
 d - a scroll of fog
 g - 10 scrolls of teleportation
 k - 2 scrolls of torment
 n - a scroll of poison
 o - a scroll of vulnerability
 r - a scroll of immolation
 y - a scroll of silence
 z - a scroll of amnesia
Potions
 a - 2 potions of might
 h - a potion of enlightenment
 q - 3 potions of curing
 u - a potion of brilliance
 v - 2 potions of resistance
 B - 3 potions of lignification {unknown}


   Skills:
 - Level 2.0 Fighting
 + Level 7.8 Short Blades
 - Level 4.0 Armour
 - Level 3.0 Dodging
 - Level 3.0 Stealth
 - Level 9.0 Spellcasting
 - Level 4.0 Conjurations
 - Level 6.0 Fire Magic
 - Level 5.0 Evocations


You had 19 spell levels left.
You knew the following spells:

 Your Spells              Type           Power      Damage    Failure   Level
a - Foxfire               Conj/Fire      100%       2x1d9     1%          1
b - Scorch                Fire           100%       2d9       1%          2
c - Flame Wave            Conj/Fire      53%        2d13      11%         4

Your spell library contained the following spells:

 Spells                   Type           Power      Damage    Failure   Level
 Sting                    Conj/Alch      84%        1d8       3%          1
 Momentum Strike          Conj/Tloc      42%        3d9       5%          2
 Inner Flame              Hex/Fire       39%        N/A       8%          3
 Volatile Blastmotes      Fire/Tloc      78%        2d16      8%          3
 Blink                    Tloc           22%        N/A       13%         2
 Lesser Beckoning         Tloc           22%        N/A       13%         2
 Mercury Vapours          Alch/Air       22%        N/A       13%         2
 Olgreb's Toxic Radiance  Alch           11%        N/A       63%         4


Dungeon Overview and Level Annotations

Branches:
Dungeon (8/15)             Temple (1/1) D:7
   Lair: D:8-11

Altars:
Ashenzari
Cheibriados
Dithmenos
Elyvilon
Fedhas
Gozag
Hepliaklqana
Kikubaaqudgha
Makhleb
Nemelex Xobeh
Okawaru
Qazlal
Ru
Sif Muna
Trog
Uskayaw
Vehumet
Wu Jian
Xom
Yredelemnul
Zin
The Shining One

Shops:
D:6 ?

Annotations:
D:8 Jeremiah, Maurice


Message History

Casting: Foxfire (safe; 1% risk of failure)
Confirm with . or Enter, or press ? or * to list all spells.
You feel a surge of power!
Flames lash the butterfly.
You kill the butterfly!
The butterfly disappears in a burst of colours! x3
The foxfire hits the butterfly!
You kill the butterfly!
The butterfly disappears in a burst of colours!
Casting: Scorch (safe; 1% risk of failure)
Confirm with . or Enter, or press ? or * to list all spells.
You feel a surge of power!
You conjure some foxfire!
The butterfly disappears in a burst of colours!
Jeremiah hits you from afar with a +2 trident of draining!
You feel drained.
Casting: Foxfire (safe; 1% risk of failure)
Confirm with . or Enter, or press ? or * to list all spells.
You feel a surge of power!
Flames lash the butterfly.
You kill the butterfly!
The butterfly disappears in a burst of colours! x2
The foxfire hits Jeremiah.
Jeremiah is moderately wounded.
The foxfire hits Jeremiah but does no damage.
Jeremiah is moderately wounded.
Jeremiah throws their arms up pleadingly.
Something smites you!
An orc comes into view. It is wielding a +0 short sword.
Magic courses through your body.
Jeremiah hits you from afar with a +2 trident of draining!
You feel drained.
Casting: Scorch (safe; 1% risk of failure)
Confirm with . or Enter, or press ? or * to list all spells.
Casting: Flame Wave (quite dangerous; 11% risk of failure)
Press: ? - help, Dir - look around, f - activate You feel a surge of power!
You miscast Flame Wave.
You are very lightly contaminated with residual magic.
You are blasted with magical energy!
* * * LOW HITPOINT WARNING * * *
Jeremiah hits you from afar with a +2 trident of draining!
You die...
Jeremiah asks, "Is it over?
Can I wake up now?" #### #... #... +... ###### ##... #....# #.... #.##[# #.... ###o##### #.##.###.... b.bbbFb@#

#.##........
###b###b#####.######.###
#..b......# #.#
################.#
......†.# #########


You could see Jeremiah and an orc.

Vanquished Creatures
  Joseph (D:7)
  2 hornets
  A wyvern (D:8)
  2 steam dragons
  The ghost of FoolsGold the Chiller, an amateur MfIE (D:3)
  Menkaure (D:7)
  An acid dragon (D:6)
  2 water moccasins (D:7)
  4 ice beasts
  2 sky beasts
  A phantom (D:6)
  A kobold brigand (D:7)
  2 bullfrogs (D:7)
  A gnoll sergeant (D:7)
  2 scorpions
  A howler monkey (D:6)
  A jelly (D:8)
  A hound (D:6)
  Crazy Yiuf (D:7)
  3 orc priests
  Terence (D:2)
  4 iguanas
  3 orc wizards
  Natasha (thrice) (D:2)
  Robin (D:2)
  11 gnolls
  7 adders
  A white imp (D:7)
  2 ufetubi (D:6)
  A ribbon worm (D:2)
  3 dart slugs
  19 orcs
  5 bats
  7 endoplasms
  2 giant cockroaches (D:1)
  18 goblins
  6 hobgoblins
  A jackal (D:2)
  7 quokkas
  5 ball pythons
  A frilled lizard (D:1)
  9 kobolds
  12 rats
  A butterfly (D:7)
161 creatures vanquished.

Vanquished Creatures (collateral kills)
  4 foxfires (D:1)
4 creatures vanquished.

Vanquished Creatures (others)
  321 foxfires
321 creatures vanquished.

Grand Total: 486 creatures vanquished

Notes
Turn   | Place    | Note
-------+----------+-------------------------------------------
     0 | D:1      | hawla the Deep Elf Fire Elementalist began the quest for
                  | the Orb.
     0 | D:1      | Reached XP level 1. HP: 10/10 MP: 6/6
    83 | D:1      | Reached skill level 1 in Fighting
   283 | D:1      | Reached XP level 2. HP: 16/16 MP: 5/8
   552 | D:1      | Reached XP level 3. HP: 21/21 MP: 0/9
   946 | D:2      | Learned a level 2 spell: Scorch
   987 | D:2      | Identified the +0 robe of Defiance {*Slow rElec Dex+2}
  1043 | D:2      | Found a hazy altar of Hepliaklqana.
  1108 | D:2      | Found Waleshrio's Assorted Antiques.
  1315 | D:2      | Reached XP level 4. HP: 26/26 MP: 4/10
  1366 | D:2      | Noticed Natasha
  1370 | D:2      | Killed Natasha
  1545 | D:2      | Noticed Robin
  1549 | D:2      | Noticed Terence
  1552 | D:2      | Killed Robin
  1553 | D:2      | Reached XP level 5. HP: 27/30 MP: 4/11
  1570 | D:2      | Noticed Natasha
  1576 | D:2      | Killed Natasha
  1670 | D:2      | Killed Terence
  2069 | D:2      | Noticed Natasha
  2075 | D:2      | Killed Natasha
  2137 | D:3      | Learned a level 4 spell: Flame Wave
  2367 | D:3      | Reached skill level 5 in Fire Magic
  2372 | D:3      | Reached XP level 6. HP: 33/35 MP: 12/12
  2430 | D:3      | Found a runed translucent door.
  2431 | D:3      | Noticed FoolsGold's ghost (amateur MfIE)
  2695 | D:3      | You fall into a shaft and drop 2 floors!
  2695 | D:5      | Entered Level 5 of the Dungeon
  3309 | D:3      | Found a shimmering altar of Xom.
  3497 | D:3      | Killed FoolsGold's ghost
  3498 | D:3      | Reached skill level 5 in Spellcasting
  3498 | D:3      | Reached XP level 7. HP: 40/40 MP: 2/16
  3790 | D:4      | Reached skill level 6 in Spellcasting
  4521 | D:5      | Found a glowing golden altar of the Shining One.
  4882 | D:5      | Found a stormy altar of Qazlal.
  5171 | D:6      | Found Rekabej's Magic Scroll Shoppe.
  5178 | D:6      | Bought a scroll of immolation for 48 gold pieces
  5178 | D:6      | Bought a scroll of torment for 114 gold pieces
  5178 | D:6      | Bought a scroll of silence for 114 gold pieces
  5178 | D:6      | Bought a scroll of teleportation for 36 gold pieces
  5233 | D:6      | Reached skill level 7 in Spellcasting
  5404 | D:6      | Noticed a steam dragon
  5409 | D:6      | Killed a steam dragon
  5410 | D:6      | Reached skill level 8 in Spellcasting
  5520 | D:6      | Reached skill level 9 in Spellcasting
  5520 | D:6      | Reached skill level 1 in Armour
  5520 | D:6      | Reached XP level 8. HP: 15/44 MP: 12/23
  6227 | D:7      | Found a staircase to the Ecumenical Temple.
  6232 | D:7      | Reached skill level 1 in Evocations
  6245 | Temple   | Entered the Ecumenical Temple
  6249 | Temple   | Became a worshipper of Vehumet
  6309 | D:7      | Found a basalt altar of Yredelemnul.
  6318 | D:7      | Found an opulent altar of Gozag.
  6400 | D:7      | Noticed Joseph
  6411 | D:7      | Killed Joseph
  6412 | D:7      | Reached skill level 5 in Evocations
  6412 | D:7      | Reached XP level 9. HP: 27/48 MP: 3/24
  6583 | D:7      | Noticed Menkaure
  6588 | D:7      | Killed Menkaure
  6611 | D:7      | Reached skill level 5 in Short Blades
  6749 | D:7      | Found a shadowy altar of Dithmenos.
  6778 | D:7      | Found a hide-covered altar of Uskayaw.
  6779 | D:7      | Found a sacrificial altar of Ru.
  7037 | D:7      | Found a runed translucent door.
  7038 | D:7      | Noticed Crazy Yiuf
  7396 | D:7      | Killed Crazy Yiuf
  7453 | D:8      | Noticed Maurice
  7822 | D:8      | Noticed Jeremiah
  7835 | D:8      | Slain by Jeremiah

Illustrated notes

Levels and vault maps discovered:
D:1:      roderic_octagonal_star, layout_rooms, serial_bayou_ford_a,
          minmay_ruptured
D:2:      layout_basic, basic_altar, serial_shops, shop, minmay_between,
          uniq_natasha, uniq_terence, uniq_robin
D:3:      layout_basic, lemuel_doored_altar, gammafunk_ghost_grave
D:4:      layout_basic
D:5:      layout_basic, mainiacjoe_overflow_catch_the_wave
D:6:      layout_basic, serial_shops,
          nicolae_shop_temple_entry_statues_fountains, kennysheep_generic_room_3
D:7:      layout_loops_ring, lemuel_crystal_altar, grunt_temple_overflow_open,
          grunt_gozag_breadcrumbs, minmay_temple_entry_butterflies,
          minmay_manual_maat, uniq_crazy_yiuf_cottage, uniq_menkaure,
          uniq_joseph
D:8:      minmay_slanted_spiral_squares, layout_basic, uniq_maurice,
          uniq_jeremiah
Temple:   zaba_magenta_temple

Skill      XL: |  1  2  3  4  5  6  7  8  9 |
---------------+----------------------------+-----
Fighting       | 1 2 |  2.0
Dodging        | 3 |  3.0
Stealth        | 3 |  3.0
Conjurations   | 2 3 4 |  4.0
Fire Magic     | 5 6 |  6.0
Spellcasting   | 5 9 |  9.0
Armour         | 1 4 |  4.0
Evocations     | 5 |  5.0
Short Blades   | 2 7 |  7.8

Action                     |  1- 3 |  4- 6 |  7- 9 || total
---------------------------+-------+-------+-------++-------
  Melee: Unarmed           |     5 |       |       ||     5
         Dagger            |       |    18 |    57 ||    75
         Punch             |       |     1 |       ||     1
         Quarterstaff      |       |       |     3 ||     3
   Cast: Foxfire           |    64 |    66 |    64 ||   194
         Scorch            |       |    31 |    67 ||    98
         Flame Wave        |       |       |     8 ||     8
    Use: Scroll            |     3 |     4 |     9 ||    16
         Potion            |     1 |     1 |     2 ||     4
 Armour: Robe              |    11 |    29 |       ||    40
         Troll leather arm |       |       |    84 ||    84
  Dodge: Dodged            |     9 |    31 |    91 ||   131
